 Dungeon Crawl Stone Soup version 0.30-a0-782-ge64f9170bb (webtiles) character file.

Game seed: 1241780654772956396

4 kae the Sneak (level 1, -1/9 HPs)
             Began as a Spriggan Enchanter on Feb 27, 2023.
             Slain by a quokka (2 damage)
             ... on level 1 of the Dungeon.
             The game lasted 00:00:25 (134 turns).

kae the Sneak (Spriggan Enchanter)                   Turns: 134, Time: 00:00:26

Health: -1/9       AC:  2    Str:  4    XL:     1   Next: 58%
Magic:  5/5        EV: 17    Int: 16    God:
Gold:   0          SH:  0    Dex: 15    Spells: 5/5 levels left

rFire   . . .      SeeInvis +    a - +1 dagger
rCold   . . .      Faith    .    (no shield)
rNeg    . . .      Spirit   .    b - +0 robe
rPois   .          Reflect  .    (helmet restricted)
rElec   .          Harm     .    (no cloak)
rCorr   .          Rampage  .    (gloves unavailable)
Will    .....                    (boots unavailable)
Stlth   +++                      (no amulet)
HPRegen 0.21/turn                (no ring)
MPRegen 0.09/turn                (no ring)

@: very quick
A: very small, no large weapons, unfitting armour, see invisible, speed 3
a: no special abilities


You were on level 1 of the Dungeon.
You visited 1 branch of the dungeon, and saw 1 of its levels.


Innate Abilities, Weirdness & Mutations

You are very small and have problems with some larger weapons.
You are too small for most types of armour.
You have supernaturally acute eyesight. (SInv)
You cover ground extremely quickly. (Speed+++)


   Skills:
 * Level 1.3 Short Blades
 + Level 2.8 Dodging
 + Level 4.5 Stealth
 + Level 2.7 Spellcasting
 * Level 3.8 Hexes


You had 5 spell levels left.
You didn't know any spells.
Your spell library contained the following spells:

 Spells                   Type           Power      Damage    Failure   Level
 Confusing Touch          Hex            14%        N/A       12%         3
 Tukima's Dance           Hex            14%        N/A       12%         3
 Ensorcelled Hibernation  Hex/Ice        16%        N/A       13%         2
 Dazzling Flash           Conj/Hex       16%        N/A       26%         3

Inventory:

Hand Weapons
 a - a +1 dagger (weapon)
Armour
 b - a +0 robe (worn)
Jewellery
 W - a ring of magical power
   (You found it on level 1 of the Dungeon)
Potions
 c - 2 potions of invisibility

Dungeon Overview and Level Annotations

Branches:
Dungeon (1/15) Zot: 5902

Altars:

##......h.h......##
#........####.....#
##......###
###...## #......##
##...# #.....##
##... #.....# #..#
##....## ##.#
#8<.hr# #.# ##...@#
#.# #....## ##.#
#.....# #..r
#.....# #..#
##...§§# #..##
#...§§§ #... #
##.§§§.§ ....#
##.§§.. ....## ##.
..## #.


You could see a quokka and a jackal.


Message History

😕 HP[+3]
You regained 3 hp, and now have 7/9 hp.
Unknown command.
A hobgoblin is nearby!
A hobgoblin is nearby!
Unknown command.
A hobgoblin is nearby!
A goblin comes into view. It is wielding a +0 dagger.
The goblin shouts!
The hobgoblin shouts!
You hear an angry hiss.
You hear a bark!
You hear a bark! 😕 HP[+1]
There are monsters nearby!
You closely miss the hobgoblin.
You punch the hobgoblin, but do no damage.
The hobgoblin hits you.
A frilled lizard comes into view.
A quokka comes into view.
You are too injured to fight recklessly! 😮 HP[-2]
You take 2 damage, and now have 6/9 hp.
MASSIVE DAMAGE!! (PAUSE)
You hit the hobgoblin. The hobgoblin completely misses you.
You barely miss the hobgoblin.
A jackal comes into view.
The hobgoblin misses you.
Unknown command.
You barely miss the hobgoblin. The hobgoblin hits you.
Ouch! That really hurt!
* * * LOW HITPOINT WARNING * * *
An endoplasm comes into view. 😱 HP[-5]
You take 5 damage, and now have 1/9 hp.
MASSIVE DAMAGE!! (PAUSE)
Okay, then. 😱 HP[+1]
A jackal comes into view.
You see here a ring of magical power.
W - a ring of magical power
Found a stone staircase leading down. 😨 HP[+1]
The frilled lizard hisses.
The jackal barks! 😨 HP[+1]
Okay, then.
You aren't carrying any scrolls. 😮 HP[+1] 😮 HP[+1] 😕 HP[+1]
You barely miss the jackal. The jackal closely misses you.
You hit the jackal. The jackal misses you. 😕 HP[+1]
You hit the jackal.
You kill the jackal!
You miss the quokka. The quokka misses you.
You barely miss the quokka. The quokka completely misses you.
You hit the quokka. The quokka bites you. 😮 HP[-2]
You take 2 damage, and now have 6/9 hp.
MASSIVE DAMAGE!! (PAUSE)
You closely miss the quokka. The quokka misses you.
Unknown command.
You closely miss the quokka. The quokka completely misses you.
You barely miss the quokka. The quokka barely misses you.
The jackal bites you but does no damage.
Unknown command.
You hit the quokka. The quokka misses you. The jackal closely misses you.
You closely miss the quokka. The quokka completely misses you.
The jackal completely misses you.
Unknown command.
You hit the quokka but do no damage.
The jackal bites you but does no damage.
The quokka barely misses you. The jackal bites you.
Unknown command.
You closely miss the quokka. The quokka barely misses you.
The jackal misses you. The quokka closely misses you.
Unknown command.
You hit the quokka but do no damage. The jackal bites you.
The quokka completely misses you. 😮 HP[-1]
You take 1 damage, and now have 5/9 hp.
You miss the quokka. The jackal bites you.
* * * LOW HITPOINT WARNING * * *
The quokka closely misses you. The jackal misses you. 😨 HP[-1]
You take 1 damage, and now have 4/9 hp.
Unknown command.
You hit the quokka but do no damage. The quokka closely misses you.
The jackal misses you.
You closely miss the quokka. The quokka bites you.
* * * LOW HITPOINT WARNING * * *
The jackal misses you.
Unknown command.
You hit the quokka but do no damage. The jackal bites you.
* * * LOW HITPOINT WARNING * * *
The quokka closely misses you. The jackal barely misses you. 😱 HP[-3]
You take 3 damage, and now have 1/9 hp.
MASSIVE DAMAGE!! (PAUSE)
You completely miss the quokka. The quokka bites you.
You die...

Action                     || total
---------------------------++-------
  Melee: Dagger            ||    34
         Punch             ||     1
   Stab: Sleeping          ||     1
 Armour: Robe              ||     4
  Dodge: Dodged            ||    40

Levels and vault maps discovered:
D:1:      heliophobic_arrival_dark_side_of_the_moon, layout_loops_ring,
          ebering_ecumenical_altar_hall, minmay_door_square,
          chequers_serial_rivers_micro_d

Notes
Turn   | Place    | Note
-------+----------+-------------------------------------------
     0 | D:1      | kae the Spriggan Enchanter began the quest for the Orb.
     0 | D:1      | Reached XP level 1. HP: 9/9 MP: 5/5
     0 | D:1      | magus.rc [v1.11.3]
    68 | D:1      | HP: 1/9 [hobgoblin (5)]
   133 | D:1      | HP: 1/9 [jackal (3)]
   134 | D:1      | Slain by a quokka

Vanquished Creatures
  An endoplasm (D:1)
  A jackal (D:1)
  A kobold (D:1)
  A ball python (D:1)
4 creatures vanquished.

Table legend:
 A = Non-vault XP
 B = Vault XP
 C = Vault XP percentage of total XP
 D = Non-vault monster count
 E = Vault monster count
 F = Vault count percentage of total count
                 A         B        C        D         E       F
            +---------+---------+-------+---------+---------+-------
      Total |       7 |       0 |   0.0 |       4 |       0 |   0.0
            +---------+---------+-------+---------+---------+-------
        D:1 |       7 |       0 |   0.0 |       4 |       0 |   0.0
            +---------+---------+-------+---------+---------+-------

Illustrated notes

Table legend:
 A = Kills in this place as a percentage of kills in entire the game.
 B = Kills by you in this place as a percentage of kills by you in the entire game.
 C = Kills by friends in this place as a percentage of kills by friends in the entire game.
 D = Other kills in this place as a percentage of other kills in the entire game.
 E = Experience gained in this place as a percentage of experience gained in the entire game.
 F = Experience gained in this place divided by the number of levels of this place that you have seen.
                   A       B       C       D       E      F
               +-------+-------+-------+-------+-------+----------------------
         Total | 100.0 | 100.0 |   N/A |   N/A | 100.0 |   7.0
       Dungeon | 100.0 | 100.0 |   N/A |   N/A | 100.0 |   7.0
               +-------+-------+-------+-------+-------+----------------------

Table legend: (Time is in decaauts)
 A = Elapsed time spent in this place.
 B = Non-inter-level travel time spent in this place.
 C = Inter-level travel time spent in this place.
 D = Time resting spent in this place.
 E = Time spent auto-exploring this place.
 F = Levels seen in this place.
 G = Mean time per level.
                   A        B        C        D        E       F      G
               +--------+--------+--------+--------+--------+-----+--------+
         Total |     96 |     96 |      0 |      0 |     29 |   1 |   96.0 |
       Dungeon |     96 |     96 |      0 |      0 |     29 |   1 |   96.0 |
               +--------+--------+--------+--------+--------+-----+--------+

Top non-repeatable levels by time:
     D:1: 96 daAuts
